 Dungeon Crawl Stone Soup version 0.21.1 (webtiles) character file.

10371 letownia2 the Fighter (level 11, -8/74 HPs)
             Began as a Gargoyle Wizard on Feb 3, 2018.
             Was an Initiate of Gozag.
             Mangled by a freezing wraith (9 damage)
             ... led by a death knight
             ... on level 11 of the Dungeon.
             The game lasted 00:33:50 (12194 turns).

letownia2 the Fighter (Gargoyle Wizard)            Turns: 12194, Time: 00:33:51

Health: -8/74      AC: 17    Str: 14    XL:     11   Next: 61%
Magic:  0/24       EV: 11    Int: 19    God:    Gozag
Gold:   1760       SH:  5    Dex: 12    Spells: 12/28 levels left

rFire    . . .     SeeInvis .   a - +8 war axe "Worm" {chop, Dex+4 Stlth+}
rCold    + . .     Gourm    .   A - +0 buckler
rNeg     + . .     Faith    .   x - +0 ring mail
rPois    ∞         Spirit   .   o - +0 helmet
rElec    +         Reflect  .   (no cloak)
rCorr    .         Harm     .   (no gloves)
MR       +....                  O - +1 pair of boots
Stlth    ++........             (no amulet)
HPRegen  0.22/turn              l - ring of protection from magic
MPRegen  0.19/turn              C - ring of protection from cold

@: very slightly contaminated
A: negative energy resistance 1, electricity resistance, unbreathing,
petrification resistance, rot immunity, AC +8
a: Potion Petition, Call Merchant, Bribe Branch, Renounce Religion


You were on level 11 of the Dungeon.
You worshipped Gozag.
Gozag was most pleased with you.
You were full.

You visited 2 branches of the dungeon, and saw 12 of its levels.

You collected 2302 gold pieces.
You paid 542 gold pieces to Gozag.

Inventory:

Hand Weapons
 a - the +8 war axe "Worm" (weapon) {chop, Dex+4 Stlth+}
   (You took it off an orc warrior on level 9 of the Dungeon)

   It inflicts extra damage upon your enemies.
   It affects your dexterity (+4).
   It makes you more stealthy.
 c - a +0 blowgun
 r - the +3 halberd of the Disturbing Mice {holy, rN+ Dex+4}
   (You found it on level 10 of the Dungeon)

   It has been blessed by the Shining One to cause great damage to the undead
   and demons.
   It affects your dexterity (+4).
   It protects you from negative energy.
 s - a +0 blowgun
 K - a +2 trident of venom
Missiles
 h - 8 javelins (quivered)
 B - 67 bolts
 J - 17 poisoned needles
 S - 2 throwing nets
 W - 8 curare-tipped needles
Armour
 j - a +3 chain mail
 o - a +0 helmet (worn)
 x - a +0 ring mail (worn)
 A - a +0 buckler (worn)
 O - a +1 pair of boots (worn)
Jewellery
 l - a ring of protection from magic (left hand)
 C - a ring of protection from cold (right hand)
 L - an uncursed ring of see invisible
Wands
 d - a wand of paralysis (16)
 p - a wand of acid (9)
 t - a wand of iceblast (26)
 M - a wand of polymorph (10)
 N - a wand of clouds (10)
 Y - a wand of scattershot (3)
Scrolls
 e - 5 scrolls of remove curse
 g - a scroll of enchant armour
 i - 2 scrolls of identify
 q - 3 scrolls of fog {unknown}
 u - 2 scrolls of teleportation {unknown}
 v - 3 scrolls of amnesia {unknown}
 y - 3 scrolls of enchant weapon {unknown}
 F - 2 scrolls of immolation {unknown}
 G - a scroll of blinking {unknown}
 R - 2 scrolls of noise {unknown}
 U - 2 scrolls of torment {unknown}
Potions
 f - 2 potions of degeneration {unknown}
 k - 2 potions of resistance {unknown}
 m - a potion of magic
 n - 3 potions of agility
 z - a potion of curing
 D - a potion of brilliance
 E - a potion of ambrosia
 H - 2 potions of heal wounds
 I - a potion of lignification
 P - a potion of mutation
 T - a potion of flight {unknown}
 V - a potion of might {unknown}
Miscellaneous
 b - a phial of floods
 X - a lightning rod (4/4)
Comestibles
 Z - 10 rations


   Skills:
 + Level 11.2 Fighting
 + Level 6.1 Armour
 - Level 1.5 Dodging
 - Level 2.1 Stealth
 - Level 5.2 Shields
 - Level 3.2 Unarmed Combat
 - Level 9.1 Spellcasting
 - Level 4.1 Conjurations
 - Level 2.0 Hexes
 - Level 2.0 Charms
   Level 0.8 Summonings
 - Level 2.1 Necromancy
 - Level 2.2 Translocations
 - Level 2.1 Fire Magic
 - Level 2.0 Air Magic
 - Level 2.1 Poison Magic


You had 12 spell levels left.
You knew the following spells:

 Your Spells              Type           Power        Failure   Level  Hunger
a - Magic Dart            Conj           ###.         2%          1    None
b - Blink                 Tloc           N/A          9%          2    None
c - Conjure Flame         Conj/Fire      ###.....     12%         3    None
d - Flame Tongue          Conj/Fire      ###..        4%          1    None
e - Mephitic Cloud        Conj/Pois/Air  ###.....     14%         3    None
g - Regeneration          Chrm/Necr      ###.......   19%         3    None
x - Inner Flame           Hex/Fire       ###.....     19%         3    None


Dungeon Overview and Level Annotations

Branches:
Dungeon (11/15)            Temple (1/1) D:6            Lair (0/6) D:8
    Orc (0/2) D:9

Altars:
Ashenzari
Cheibriados
Dithmenos
Gozag
Hepliaklqana
Kikubaaqudgha
Makhleb
Nemelex Xobeh
Qazlal
Ru
Sif Muna
Vehumet
Wu Jian
Xom
Yredelemnul
Zin
The Shining One

Shops:
D:9 *   D:10 }

Annotations:
D:11 Josephine


Innate Abilities, Weirdness & Mutations

You are resistant to torment.
Your stone body is resilient. (AC +8)
You are immune to poison.
You resist negative energy. (rN+)
You are resistant to electric shocks. (rElec)
You can survive without breathing.
You are immune to petrification.
You are immune to rotting.


Message History

Unknown command.
Casting: Blink
Confirm with . or Enter, or press ? or * to list all spells.
You don't have enough magic to cast that spell.
Unknown command.
Unknown command.
Unknown command.
As you read the scroll labeled EHIUCS UGIRPH, it crumbles to dust.
It is a scroll of enchant armour.
Really abort (and waste the scroll)? [Y]es or [N]o only, please.
Really abort (and waste the scroll)?
Your +0 pair of boots glows green for a moment.
The freezing wraith hits you.
* * * LOW HITPOINT WARNING * * *
The freezing wraith freezes you. You resist.
* * * LOW HITPOINT WARNING * * *
The freezing wraith hits you!
You die...
Your body crumbles into a pile of gold.

#§)[)$..........
#).#############
$ #))# ##.....
#W.# ........
#§.# # ........
#..# ##..
....... ...#
#######..##.....
#..... ...#
............#
#..... .....
........@D..#
#..... .....
.........W..#
#..... ...h.
.##.........#
#####. .....
'............
........ .....
.##########.#...
........ .....
.#### ###..#..
..... .. ......#
.#.#$ ## ###...#
..... . >.


You could see a freezing wraith, a wraith and an acid dragon.

Vanquished Creatures
  A death knight (D:11)
  Urug (D:11)
  Sonja (D:10)
  An unseen horror (D:11)
  Grinder (D:4)
  A hippogriff (D:8)
  A yak (D:9)
  A wraith (D:10)
  3 hogs (D:9)
  3 hungry ghosts
  A human (D:9)
  2 water moccasins
  4 porcupines
  3 ice beasts
  A hornet zombie (D:7)
  A sky beast (D:8)
  4 orc warriors
  A black bear (D:7)
  5 phantoms
  A necrophage (D:9)
  8 ogres
  5 centaurs
  2 crocodiles (D:8)
  2 big kobolds
  7 bullfrogs
  Blork the orc (D:4)
  A gnoll sergeant (D:10)
  6 scorpions
  2 troll zombies (D:9)
  5 killer bees (D:9)
  5 wights (D:10)
  An electric eel (D:10)
  A howler monkey (D:3)
  A bullfrog zombie (D:5)
  A centaur zombie (D:6)
  6 crimson imps
  A quasit (D:10)
  2 jellies
  7 orc priests
  8 hounds
  9 orc wizards
  A bullfrog skeleton (D:8)
  3 iguanas
  4 worker ants
  6 ogre zombies (D:9)
  A hound zombie (D:5)
  Robin (D:4)
  A howler monkey zombie (D:6)
  A howler monkey skeleton (D:5)
  3 gnolls (D:10)
  A worker ant zombie (D:9)
  16 adders
  A shadow imp (D:7)
  2 worms
  3 leopard geckos
  42 orcs
  4 giant cockroaches
  18 goblins
  7 hobgoblins
  30 jackals
  4 quokkas
  3 ball pythons
  10 bats
  6 frilled lizards
  2 goblin zombies (D:9)
  2 hobgoblin skeletons (D:9)
  4 hobgoblin zombies (D:9)
  15 kobolds
  A leopard gecko skeleton (D:9)
  2 orc skeletons (D:9)
  15 orc zombies (D:9)
  4 rats
331 creatures vanquished.

Vanquished Creatures (collateral kills)
  A killer bee (D:9)
  An orc priest (D:9)
2 creatures vanquished.

Vanquished Creatures (others)
  A bullfrog skeleton (D:11)
  4 fungi (D:8)
5 creatures vanquished.

Grand Total: 338 creatures vanquished

Notes
Turn   | Place    | Note
-------+----------+-------------------------------------------
     0 | D:1      | letownia2 the Gargoyle Wizard began the quest for the Orb.
     0 | D:1      | Reached XP level 1. HP: 10/10 MP: 4/4
   444 | D:3      | Reached XP level 2. HP: 15/15 MP: 0/6
   709 | D:3      | Learned a level 2 spell: Blink
   713 | D:4      | Noticed Blork the orc
   713 | D:4      | Noticed a howler monkey
   726 | D:3      | Killed a howler monkey
   726 | D:3      | Reached XP level 3. HP: 16/19 MP: 0/7
   726 | D:3      | Reached XP level 4. HP: 20/24 MP: 0/8
   736 | D:3      | Learned a level 3 spell: Mephitic Cloud
   959 | D:4      | Killed Blork the orc
   959 | D:4      | Reached skill level 1 in Fighting
   959 | D:4      | Reached skill level 1 in Translocations
   959 | D:4      | Reached XP level 5. HP: 18/29 MP: 0/9
  1228 | D:3      | Learned a level 3 spell: Conjure Flame
  1245 | D:3      | Reached skill level 1 in Poison Magic
  1458 | D:4      | Reached skill level 1 in Air Magic
  1480 | D:4      | Reached skill level 1 in Fire Magic
  1586 | D:4      | Noticed an ogre
  1603 | D:4      | Killed an ogre
  1603 | D:4      | Reached XP level 6. HP: 35/35 MP: 5/11
  1821 | D:4      | Noticed Robin
  1957 | D:4      | Got a jewelled hand axe {flame}
  1958 | D:4      | Identified the cursed +0 hand axe of Hicoo {flame, +Rage Int-3 SInv} (You took it off a goblin on level 4 of the Dungeon)
  1963 | D:4      | Noticed Grinder
  1983 | D:4      | Killed Grinder
  1983 | D:4      | Reached skill level 2 in Fighting
  1983 | D:4      | Reached XP level 7. HP: 13/40 MP: 12/12
  1999 | D:4      | Found an ornate altar of the Wu Jian Council.
  2000 | D:4      | Found a stormy altar of Qazlal.
  2213 | D:5      | Entered Level 5 of the Dungeon
  2330 | D:5      | Reached skill level 3 in Fighting
  2389 | D:5      | Found a hazy altar of Hepliaklqana.
  2583 | D:5      | Found Camedenk's Distillery.
  2635 | D:5      | Found a snail-covered altar of Cheibriados.
  2768 | D:5      | Reached skill level 5 in Spellcasting
  3147 | D:6      | Reached XP level 8. HP: 46/46 MP: 10/16
  3312 | D:6      | Learned a level 1 spell: Flame Tongue
  3316 | D:6      | Learned a level 3 spell: Inner Flame
  3320 | D:6      | Learned a level 3 spell: Regeneration
  3628 | D:6      | Found a staircase to the Ecumenical Temple.
  3637 | Temple   | Entered the Ecumenical Temple
  3722 | Temple   | Became a worshipper of Gozag Ym Sagoz the Greedy
  4240 | D:2      | Found a glowing silver altar of Zin.
  5132 | D:3      | Found a shimmering altar of Xom.
  5396 | D:3      | Reached skill level 1 in Shields
  5669 | D:4      | Killed Robin
  5875 | D:5      | Found a deep blue altar of Sif Muna.
  6063 | D:7      | Reached skill level 5 in Shields
  6093 | D:7      | Reached XP level 9. HP: 29/51 MP: 7/18
  7280 | D:7      | Reached skill level 4 in Fighting
  7416 | D:8      | Found a sacrificial altar of Ru.
  7453 | D:8      | Found a basalt altar of Yredelemnul.
  7594 | D:8      | Found a staircase to the Lair.
  7665 | D:8      | Reached skill level 5 in Fighting
  7665 | D:8      | Reached XP level 10. HP: 55/59 MP: 8/22
  7760 | D:8      | Found a burning altar of Makhleb.
  7913 | D:8      | Reached skill level 5 in Armour
  8613 | D:9      | Reached skill level 1 in Hexes
  8613 | D:9      | Reached skill level 1 in Charms
  8613 | D:9      | Reached skill level 1 in Necromancy
  8627 | D:9      | Reached skill level 1 in Unarmed Combat
  8718 | D:9      | Reached skill level 6 in Fighting
  9663 | D:9      | Reached skill level 7 in Fighting
  9914 | D:9      | Got a warped war axe {chop}
  9915 | D:9      | Identified the +8 war axe "Worm" {chop, Dex+4 Stlth+} (You took it off an orc warrior on level 9 of the Dungeon)
  9953 | D:9      | Reached skill level 8 in Fighting
 10189 | D:9      | Found a staircase to the Orcish Mines.
 10231 | D:9      | Reached XP level 11. HP: 68/68 MP: 24/24
 10418 | D:10     | Entered Level 10 of the Dungeon
 10509 | D:10     | Got a faintly glowing halberd
 10517 | D:10     | Identified the +3 halberd of the Disturbing Mice {holy, rN+ Dex+4} (You found it on level 10 of the Dungeon)
 10724 | D:10     | Noticed Sonja
 10902 | D:10     | Reached skill level 9 in Fighting
 10996 | D:10     | Found Zuasein's Gadget Emporium.
 11274 | D:10     | Killed Sonja
 11274 | D:10     | Reached skill level 10 in Fighting
 11396 | D:11     | Noticed Josephine
 11462 | D:11     | Noticed Urug
 11486 | D:11     | Killed Urug
 11620 | D:11     | Killed an unseen horror
 11721 | D:11     | Noticed a death knight
 12123 | D:11     | Reached skill level 11 in Fighting
 12176 | D:11     | Killed a death knight
 12194 | D:11     | HP: 1/74 [freezing wraith[a death knight] (5)]
 12194 | D:11     | Mangled by a freezing wraith

Skill      XL: |  1  2  3  4  5  6  7  8  9 10 11 |
---------------+----------------------------------+-----
Conjurations   | 2 4 |  4.1
Fighting       | 1 2 3 5 8 11 | 11.2
Translocations | 1 2 |  2.2
Poison Magic   | 1 2 |  2.1
Air Magic      | 1 2 |  2.0
Fire Magic     | 1 2 |  2.1
Spellcasting   | 5 6 8 9 |  9.1
Shields        | 5 |  5.2
Armour         | 2 4 5 6 |  6.1
Hexes          | 2 |  2.0
Charms         | 2 |  2.0
Necromancy     | 2 |  2.1
Unarmed Combat | 3 |  3.2
Dodging        | |  1.5
Stealth        | |  2.1
Summonings     | |  0.8

Action                   |  1- 3 |  4- 6 |  7- 9 | 10-12 || total
-------------------------+-------+-------+-------+-------++-------
Melee: Unarmed           |    16 |       |       |   128 ||   144
       Dagger            |     5 |    51 |    80 |   283 ||   419
       Hand axe          |       |     9 |   342 |       ||   351
       War axe           |       |       |       |   149 ||   149
Throw: Javelin           |       |       |     2 |     3 ||     5
 Cast: Magic Dart        |    32 |    36 |   302 |   131 ||   501
       Mephitic Cloud    |       |     7 |    22 |    26 ||    55
       Conjure Flame     |       |       |     7 |    40 ||    47
       Blink             |       |       |     3 |     9 ||    12
       Inner Flame       |       |       |     1 |       ||     1
       Regeneration      |       |       |       |     1 ||     1
Invok: Call Merchant     |       |       |       |     1 ||     1
 Abil: Evoke Berserk Rag |       |     1 |     2 |       ||     3
Evoke: Wand              |       |       |       |    10 ||    10
  Use: Scroll            |       |       |     2 |     7 ||     9
 Stab: Confused          |       |     6 |     5 |    12 ||    23
       Sleeping          |       |       |     3 |     2 ||     5
       Distracted        |       |       |       |     4 ||     4
  Eat: Chunk             |       |     3 |    10 |       ||    13
       Ration            |       |       |     4 |     6 ||    10
Armor: Robe              |     2 |       |       |       ||     2
       Leather armour    |     3 |    20 |   255 |   188 ||   466
       Skin              |       |       |       |    13 ||    13
       Ring mail         |       |       |       |    27 ||    27
Dodge: Dodged            |    16 |    16 |   327 |   274 ||   633
Block: Buckler           |       |       |    32 |   116 ||   148
